 Dungeon Crawl Stone Soup version 0.27.1-1-g398f81649c (webtiles) character file.

Game seed: 2087695997592794329

4474 belegose the Chucker (level 10, -2/93 (96) HPs)
             Began as a Troll Arcane Marksman on Sept 21, 2021.
             Was a Believer of Makhleb.
             Killed by divine providence
             ... invoked by a meliai
              (11 damage)
             ... on level 8 of the Dungeon.
             The game lasted 00:23:58 (8164 turns).

belegose the Chucker (Troll Arcane Marksman)        Turns: 8164, Time: 00:24:00

HP:   -2/93 (96)    AC:  7    Str: 23    XL:     10   Next: 15%
MP:   12/12         EV: 12    Int:  9    God:    Makhleb [**....]
Gold: 325           SH:  0    Dex: 10    Spells: 10/11 levels left

rFire    . . .     SeeInvis .   a - +6 flail (protect)
rCold    . . .     Faith    .   l - +0 kite shield
rNeg     . . .     Spirit   .   b - +0 robe
rPois    .         Reflect  .   (helmet restricted)
rElec    .         Harm     .   q - +2 cloak {rCorr}
rCorr    +         Rampage  .   (gloves unavailable)
Will     .....                  (boots unavailable)
Stlth    +.........             (no amulet)
HPRegen  1.25/turn              x - +4 ring of evasion
MPRegen  0.13/turn              (no ring)

@: confused, ambrosia-drunk, lightly drained
A: large, unfitting armour, claws 3, regeneration 1, shaggy fur 1, tough skin 1
a: Renounce Religion, Minor Destruction


You were on level 8 of the Dungeon.
You worshipped Makhleb.
Makhleb was pleased with you.
You visited 2 branches of the dungeon, and saw 10 of its levels.

You collected 460 gold pieces.
You spent 135 gold pieces at shops.

Inventory:

Hand Weapons
 a - a +6 flail of protection (weapon)
 i - a +3 hand axe
 u - the +3 dagger of the Onslaught {vorpal, rC+ Dex+2 SInv}
   (You took it off a hobgoblin on level 4 of the Dungeon)

   It inflicts extra damage upon your enemies.
   Dex:       It affects your dexterity (+2).
   rC:        It protects you from cold.
   SInv:      It lets you see invisible.
 v - a +2 short sword of venom
Missiles
 c - 5 throwing nets
 g - 344 stones (quivered)
 n - 5 atropa-tipped darts
 o - 7 boomerangs
 r - 23 poisoned darts
 A - 2 large rocks
Armour
 b - a +0 robe (worn)
 l - a +0 kite shield (worn)
 q - a +2 cloak of preservation (worn)
Jewellery
 x - a +4 ring of evasion (left claw)
 F - a +6 ring of intelligence
Wands
 y - a wand of iceblast (5)
 D - a wand of polymorph (8)
Scrolls
 e - 2 scrolls of enchant weapon {unknown}
 h - a scroll of identify
 k - 2 scrolls of fear {unknown}
 m - 2 scrolls of teleportation {unknown}
 t - a scroll of magic mapping {unknown}
 C - 2 scrolls of fog {unknown}
 E - a scroll of brand weapon {unknown}
 G - a scroll of blinking {unknown}
 I - a scroll of noise {unknown}
 J - 2 scrolls of enchant armour
Potions
 d - 2 potions of haste
 f - a potion of resistance
 j - 2 potions of berserk rage
 p - a potion of mutation
 s - 3 potions of curing
 z - a potion of ambrosia


   Skills:
 + Level 5.2 Fighting
 + Level 4.6 Maces & Flails
 + Level 6.0 Throwing
 - Level 0.7 Armour
 - Level 1.5 Dodging
 + Level 5.0 Shields
 - Level 1.0 Spellcasting
 - Level 2.0 Hexes
 + Level 4.9 Invocations
 + Level 4.6 Evocations


You had 10 spell levels left.
You knew the following spells:

 Your Spells              Type           Power      Damage    Failure   Level
a - Corona                Hex            4%         N/A       36%         1

Your spell library contained the following spells:

 Spells                   Type           Power      Damage    Failure   Level
 Slow                     Hex            4%         N/A       50%         2
 Passwall                 Tmut/Erth      0%         N/A       78%         2
 Inner Flame              Hex/Fire       2%         N/A       86%         3
 Portal Projectile        Hex/Tloc       4%         N/A       86%         3
 Swiftness                Air            0%         N/A       95%         3
 Cause Fear               Hex            2%         N/A       98%         4
 Invisibility             Hex            2%         N/A       100%        6


Dungeon Overview and Level Annotations

Branches:
Dungeon (9/15)             Temple (1/1) D:7
   Lair: D:8-11         Orc: D:9-12

Altars:
Cheibriados
Dithmenos
Fedhas
Kikubaaqudgha
Makhleb
Trog
Vehumet
Wu Jian
Yredelemnul

Shops:
D:3 [

Annotations:
D:6 Sigmund
D:7 2 transporters, Menkaure


Innate Abilities, Weirdness & Mutations

You are too large for most types of armour.
You have claws for hands.
Your natural rate of healing is unusually fast.
You are covered in fur. (AC +1)
You have tough skin. (AC +1)


Message History

You barely miss the orc warrior.
The orc warrior is almost dead.
The orc warrior closely misses you.
You sock the orc warrior!
You kill the orc warrior!
Makhleb accepts your kill.
You feel better.
Things that are here:
a +0 glaive; a +0 chain mail; an orc corpse A meliai comes into view.
It is wielding a +0 hand axe.
The meliai buzzes angrily.
You hear an angry buzzing noise.
A meliai comes into view. It is wielding a +0 war axe.
You see here a scroll of identify.
The meliai calls down the wrath of its god upon you.
Something smites you!
The meliai invokes the aid of its god against you.
Something smites you!
The meliai calls down the wrath of its god upon you.
Something smites you!
A meliai comes into view. It is wielding a +0 war axe.
The meliai invokes the aid of its god against you.
Something smites you!
There is a stone staircase leading up here.
The meliai mumbles some strange prayers to its god against you.
Something smites you!
The meliai invokes the aid of its god against you.
Something smites you!
* * * LOW HITPOINT WARNING * * *
The meliai hits you with a +0 war axe!
* * * LOW HITPOINT WARNING * * *
The meliai stings you but does no damage.
You climb upwards.
There is a stone staircase leading down here.
You are confused.
You feel invigorated. The meliai hits you with a +0 hand axe.
* * * LOW HITPOINT WARNING * * *
The meliai closely misses you.
The meliai invokes the aid of its god against you.
Something smites you!
You die...

...#.....#....#.........#
...'.....#....#.........#
..##.....######.........######
..#......# #.....#######>...#
..#......# #.....'.....))[..#
..#......# #.....#..........#
###).....####.....#'##'####+###
..)...#'##.......##.#.........#
......#..'......@#..#.........#
!.....#..#......y#..#.........#
......####..)....####.........#
.....................###'#....#
.#####...............+...######
.#...'...............#....#
.#...#...............#....#
.##..#...............#...##
###..#......######'###...##


You could see a meliai.

Vanquished Creatures
  Harold (D:7)
  A troll (D:6)
  A hornet (D:5)
  Grinder (D:6)
  Eustachio (D:6)
  Edmund (D:4)
  Duvessa (D:5)
  An orc warrior (D:9)
  A sky beast (D:6)
  3 black bears
  2 ogres
  2 necrophages
  2 centaurs
  A phantom (D:5)
  2 bullfrogs
  2 kobold brigands
  Dowan (D:5)
  2 scorpions
  2 water moccasin skeletons
  5 wights
  A howler monkey (D:7)
  2 centaur zombies
  3 bullfrog skeletons
  3 hounds
  A jelly (D:7)
  2 orc priests
  5 iguanas
  Ijyb (D:5)
  Natasha (D:2)
  4 orc wizards
  A killer bee zombie (D:5)
  A hound skeleton (D:4)
  A howler monkey zombie (D:8)
  Robin (D:4)
  3 gnolls (D:4)
  3 howler monkey skeletons
  10 adders
  2 white imps (D:5)
  An ufetubus (D:7)
  2 adder skeletons
  2 worms
  5 dart slugs
  15 orcs
  7 ball pythons
  6 bats
  2 endoplasms
  5 giant cockroaches
  18 goblins
  13 hobgoblins
  6 jackals
  3 kobolds
  3 quokkas
  A frilled lizard (D:3)
  A rat (D:1)
168 creatures vanquished.

Notes
Turn   | Place    | Note
-------+----------+-------------------------------------------
     0 | D:1      | belegose the Troll Arcane Marksman began the quest for the
                  | Orb.
     0 | D:1      | Reached XP level 1. HP: 18/18 MP: 1/1
   183 | D:1      | Reached skill level 1 in Fighting
   249 | D:1      | Reached skill level 2 in Throwing
   249 | D:1      | Reached XP level 2. HP: 25/27 MP: 2/2
   577 | D:2      | Reached XP level 3. HP: 32/33 MP: 3/3
   644 | D:2      | Reached skill level 1 in Evocations
   727 | D:2      | Noticed a floating eye
   733 | D:2      | Found a faded altar of an unknown god.
   734 | D:2      | Noticed an eye of devastation
   734 | D:2      | Noticed a shining eye
   734 | D:2      | Noticed a shining eye
   853 | D:2      | Reached XP level 4. HP: 37/41 MP: 4/4
   984 | D:1      | Reached skill level 1 in Shields
  1252 | D:3      | Noticed an ogre
  1334 | D:2      | Killed an ogre
  1335 | D:2      | Reached skill level 3 in Throwing
  1335 | D:2      | Reached XP level 5. HP: 49/49 MP: 5/5
  1453 | D:3      | Found a bloodstained altar of Trog.
  1454 | D:3      | Found a radiant altar of Vehumet.
  1454 | D:3      | Found a burning altar of Makhleb.
  1455 | D:3      | Noticed Natasha
  1484 | D:2      | Killed Natasha
  1579 | D:3      | Became a worshipper of Makhleb the Destroyer
  1615 | D:3      | Found Iciciytib's Antique Armour Boutique.
  1624 | D:3      | Reached XP level 6. HP: 59/59 MP: 6/6
  1646 | D:3      | Bought a runed cloak for 135 gold pieces
  2033 | D:4      | Noticed Edmund
  2151 | D:4      | Killed Edmund
  2152 | D:4      | Reached skill level 1 in Invocations
  2152 | D:4      | Reached XP level 7. HP: 59/66 MP: 7/7
  2286 | D:4      | Reached skill level 1 in Maces & Flails
  2543 | D:4      | Reached * piety under Makhleb
  2578 | D:4      | Identified the +0 helmet of Indomitability {rF+ Int+3}
  2578 | D:4      | Noticed Robin
  2605 | D:4      | Killed Robin
  2903 | D:4      | Identified the +3 dagger of the Onslaught {vorpal, rC+
                  | Dex+2 SInv}
  3148 | D:5      | Entered Level 5 of the Dungeon
  3285 | D:5      | Reached skill level 4 in Throwing
  3296 | D:5      | Noticed a hornet
  3303 | D:5      | Killed a hornet
  3304 | D:5      | Reached XP level 8. HP: 53/75 MP: 8/8
  3368 | D:5      | Noticed Duvessa
  3382 | D:5      | Noticed Dowan
  3386 | D:5      | Killed Duvessa
  3390 | D:5      | Killed Dowan
  3514 | D:5      | Reached ** piety under Makhleb
  3776 | D:5      | Noticed Ijyb
  3790 | D:5      | Killed Ijyb
  4436 | D:6      | Noticed Grinder
  4449 | D:6      | Killed Grinder
  4467 | D:6      | Noticed Sigmund
  4554 | D:6      | Reached XP level 9. HP: 57/84 MP: 10/10
  4645 | D:6      | Noticed Eustachio
  4700 | D:6      | Killed Eustachio
  4701 | D:6      | Reached skill level 5 in Throwing
  4726 | D:6      | Found a blossoming altar of Fedhas.
  4730 | D:6      | Found a shadowy altar of Dithmenos.
  4730 | D:6      | Found an ornate altar of the Wu Jian Council.
  4730 | D:6      | Found a snail-covered altar of Cheibriados.
  4740 | D:6      | Noticed a troll
  4752 | D:6      | Killed a troll
  5652 | D:7      | Found a staircase to the Ecumenical Temple.
  5674 | Temple   | Entered the Ecumenical Temple
  5787 | D:7      | Noticed Harold
  5830 | D:7      | Killed Harold
  5831 | D:7      | Reached skill level 5 in Fighting
  6092 | D:7      | Found a transporter.
  6247 | D:7      | Noticed Menkaure
  6342 | D:7      | Found an ancient bone altar of Kikubaaqudgha.
  6342 | D:7      | Found a basalt altar of Yredelemnul.
  6344 | D:7      | Found a transporter.
  6822 | D:8      | Reached XP level 10. HP: 96/96 MP: 12/12
  8115 | D:8      | Reached skill level 6 in Throwing
  8115 | D:8      | Reached skill level 5 in Shields
  8164 | D:8      | Killed from afar by a meliai

Illustrated notes

Levels and vault maps discovered:
D:1:      beargit_arrival_diablo_church, layout_rooms
D:2:      kennysheep_the_goblin_king, layout_loops_cross,
          hellmonk_ecumenical_altar_watching_god
D:3:      layout_rooms, chequers_temple_overflow_statue_of_worship,
          serial_shops, nicolae_shop_trees, st_stairs_12,
          chequers_serial_rivers_micro_d, uniq_natasha
D:4:      layout_basic, uniq_robin, uniq_edmund
D:5:      layout_basic, uniq_duvessa, uniq_ijyb
D:6:      layout_loops_corners, grunt_temple_overflow_open, uniq_grinder,
          uniq_eustachio, uniq_sigmund
D:7:      minmay_spotlight, layout_basic, gammafunk_temple_of_torment,
          minmay_temple_entry_grid, corner_web_ring, uniq_harold
D:8:      layout_gridville
D:9:      layout_rooms, nicolae_overflow_hidden_temple,
          nicolae_qazlal_general_emergency
Temple:   minmay_temple_curvy_loop

Skill      XL: |  1  2  3  4  5  6  7  8  9 10 |
---------------+-------------------------------+-----
Fighting       | 1 2 3 4 5 |  5.2
Throwing       | 2 3 4 5 6 |  6.0
Evocations     | 1 2 3 4 |  4.6
Shields        | 1 2 3 4 5 |  5.0
Invocations    | 1 2 3 4 |  4.9
Maces & Flails | 2 3 4 |  4.6
Armour         | |  0.7
Dodging        | |  1.5
Spellcasting   | |  1.0
Hexes          | |  2.0

Action                   |  1- 3 |  4- 6 |  7- 9 | 10-12 || total
-------------------------+-------+-------+-------+-------++-------
Melee: Unarmed           |    89 |   159 |       |       ||   248
       Mace              |       |    38 |       |       ||    38
       Flail             |       |       |   349 |    61 ||   410
       Dagger            |       |       |    13 |       ||    13
Throw: Large rock        |       |     9 |     3 |       ||    12
       Dart              |       |     7 |     8 |       ||    15
       Stone             |       |       |     8 |     5 ||    13
Evoke: Wand              |       |       |     3 |       ||     3
  Use: Scroll            |       |       |       |     7 ||     7
       Potion            |       |       |       |     4 ||     4
 Stab: Sleeping          |     1 |       |     1 |       ||     2
Armor: Robe              |    37 |   106 |   173 |    19 ||   335
Dodge: Dodged            |    30 |    83 |   170 |    29 ||   312
Block: Kite shield       |    15 |    94 |   215 |    34 ||   358
